Map: Ulrena

Players

AcerNerchio (Nerchio) - Winner!

  • Race: Zerg Zerg

Kelazhur

  • Race: Terran Terran
  • League: Master

Event: Gauntlet Monday Night

VOD

Have the link to the VOD?

Description

Time

  • Played on: Jan. 4, 2016, 12:48 p.m.
  • Length: 14:00

All games in this series

Show
View Real Time Build Order
Export as new Build Order

AcerNerchio Zerg - Winner!

Build Orders: Hatch First 

Get SALT Encoding   

  12  0:00  Drone  
  13  0:12  Overlord  
  13  0:17  Drone  
  14  0:30  Drone x2  
  14  0:34  Drone  
  17  0:52  Hatchery  
  17  0:55  Drone  
  17  0:59  Drone  
  18  1:12  Spawning Pool  
  18  1:15  Drone  
  18  1:19  Drone  
  18  1:22  Extractor  
  18  1:28  Drone  
  19  1:38  Overlord  
  19  1:59  Zergling x2, Queen  
  19  2:00  Zergling x2  
  23  2:03  Queen  
  23  2:04  Zergling x2  
  26  2:11  Drone  
  27  2:16  Roach Warren  
  27  2:18  Drone  
  27  2:23  Drone  
  27  2:25  Drone  
  29  2:38  Overlord  
  28  2:56  Roach  
  28  2:57  Roach x3  
  36  3:01  Drone  
  36  3:05  Drone  
  38  3:08  Drone x4  
  41  3:12  Overlord  
  41  3:14  Drone  
  41  3:17  Drone  
  43  3:22  Overlord  
  43  3:26  Drone  
  43  3:43  Roach  
  43  3:45  Ravager  
  46  3:50  Drone x6  
  50  3:55  Drone  
  50  3:58  Queen  
  50  3:59  Extractor, Queen  
  50  4:01  Extractor  
  53  4:04  Ravager  
  53  4:05  Drone x2  
  56  4:14  Drone  
  56  4:15  Drone  
  56  4:23  Overlord  
  56  4:25  Drone  
  56  4:28  Spore Crawler  
  56  4:29  Spore Crawler, Drone x4  
  56  4:30  Drone  
  60  4:35  Lair  
  60  4:39  Overlord  
  60  4:43  Overlord  
  60  4:47  Overlord  
  60  4:57  Hatchery  
  60  4:59  Drone x2  
  61  5:01  Drone  
  61  5:03  Drone  
  61  5:05  Drone  
  61  5:06  Drone  
  65  5:08  Drone  
  65  5:10  Drone  
  65  5:11  Drone  
  68  5:15  Evolution Chamber  
  68  5:19  Spore Crawler  
  66  5:22  Extractor  
  65  5:35  Overseer  
  65  5:38  Roach x4  
  65  5:39  Infestation Pit  
  65  5:40  Evolution Chamber  
  65  5:42  Drone x3  
  74  5:43  Drone x2  
  74  5:44  Drone  
  77  5:53  Drone x2  
  77  5:55  Drone  
  77  5:57  Drone x2  
  77  5:59  Drone x2  
  77  6:01  Glial Reconstitution  
  77  6:03  Overlord  
  81  6:05  Overlord  
  81  6:08  Overlord  
  81  6:11  Overlord  
  81  6:21  Drone x4  
  81  6:23  Drone, Zerg Ground Armor Level 1  
  81  6:25  Zerg Missile Weapons Level 1  
  86  6:27  Infestor  
  86  6:30  Infestor  
  90  6:36  Roach  
  90  6:37  Roach x3  
  100  6:40  Roach  
  100  6:41  Roach  
  102  6:50  Queen, Extractor  
  102  6:52  Extractor  
  102  6:54  Hive, Drone x4  
  106  7:09  Roach  
  106  7:10  Roach x3  
  106  7:13  Overlord x2  
  113  7:22  Drone x4  
  117  7:23  Drone x4  
  117  7:26  Overlord  
  121  7:35  Roach x2  
  121  7:36  Roach  
  114  7:37  Roach x3  
  116  7:49  Roach x3  
  107  7:56  Roach  
  103  7:59  Roach  
  103  8:00  Roach x4  
  113  8:09  Roach, Ultralisk Cavern  
  113  8:10  Roach x2  
  118  8:19  Hatchery  
  117  8:20  Overlord x2  
  117  8:22  Zerg Ground Armor Level 2, Zerg Melee Weapons Level 1  
  117  8:25  Roach  
  119  8:28  Roach x5  
  129  8:37  Metabolic Boost  
  129  8:40  Ravager x3  
  129  8:41  Ravager  
  133  8:43  Drone x3  
  133  8:45  Zergling x12  
  142  8:55  Extractor  
  142  8:57  Chitinous Plating  
  140  9:07  Ultralisk  
  140  9:08  Hatchery  
  140  9:09  Overlord x6  
  145  9:27  Ultralisk x2  
  157  9:33  Ultralisk  
  163  9:40  Ultralisk  
  169  9:49  Zergling x16  
  169  9:50  Zergling x2  
  178  9:53  Zergling x4  
  178  9:54  Zergling x2  
  178  9:59  Ravager x4  
  185  10:01  Zergling x6  
  188  10:08  Zergling x8  
  188  10:09  Zergling x4  
  194  10:17  Zergling x4  
  194  10:20  Zergling x8  
  194  10:28  Overlord x2  
  194  10:29  Overlord  
  194  10:31  Zergling x6  
  194  10:34  Zergling x2  
  191  10:41  Zergling x2  
  190  10:44  Zergling x4  
  190  10:49  Ultralisk x2  
  191  10:53  Ultralisk  
  195  11:00  Adrenal Glands  
  195  11:03  Zerg Melee Weapons Level 2  
  195  11:10  Zerg Ground Armor Level 3  
  195  11:12  Zergling x10  
  193  11:22  Zergling x2  
  193  11:23  Zergling x4  
  193  11:24  Infestor  
  176  11:27  Infestor  
  176  11:31  Zergling x2  
  177  11:39  Pathogen Glands  
  177  11:40  Drone x2  
  177  11:41  Drone, Extractor  
  179  11:49  Zergling x2  
  179  11:50  Zergling x14  
  182  11:55  Zergling x2  
  182  11:56  Zergling x2  
  180  12:01  Zergling x6  
  180  12:02  Zergling x2  
  180  12:05  Ultralisk x2  
  182  12:10  Ultralisk  
  170  12:17  Infestor  
  170  12:18  Zergling x6  
  166  12:24  Zergling x8  
  162  12:31  Hatchery  
  162  12:35  Drone x8  
  152  12:44  Zergling x6  
  152  12:49  Ultralisk  
  157  13:01  Zergling x4  
  157  13:05  Zergling x10  
  162  13:07  Zergling x2  
  162  13:08  Zergling x6  
  162  13:10  Zergling x2  
  162  13:11  Zergling x4  
  163  13:20  Ultralisk  
  163  13:28  Zergling x8  
Show
View Real Time Build Order
Export as new Build Order

Kelazhur Terran 

Build Orders: MMM Bio 

Get SALT Encoding   

  12  0:00  SCV  
  13  0:13  SCV  
  14  0:17  Supply Depot  
  14  0:25  SCV  
  15  0:39  SCV  
  15  0:40  Barracks  
  16  0:44  Refinery  
  16  0:51  SCV  
  17  1:03  SCV  
  18  1:15  SCV  
  19  1:28  Barracks Reactor, Orbital Command  
  19  1:41  Command Center  
  19  1:51  Supply Depot  
  19  1:53  SCV  
  20  2:05  Marine x2  
  20  2:06  SCV  
  23  2:14  Factory  
  23  2:22  SCV  
  24  2:23  Marine x2  
  26  2:34  SCV, Refinery  
  27  2:41  Marine x2  
  29  2:46  SCV  
  30  2:53  Orbital Command  
  30  3:00  SCV  
  30  3:05  Starport  
  30  3:12  SCV  
  31  3:15  Bunker  
  31  3:16  Hellion  
  33  3:21  Hellion  
  33  3:24  SCV  
  33  3:26  SCV  
  37  3:27  Marine  
  37  3:33  Supply Depot  
  38  3:36  SCV  
  38  3:43  Hellion x2  
  38  3:46  SCV  
  38  3:56  SCV, Marine  
  38  3:59  SCV, Starport Tech Lab  
  41  4:04  Supply Depot  
  41  4:06  Widow Mine  
  41  4:08  SCV  
  44  4:11  SCV  
  44  4:15  Marine  
  46  4:19  Banshee  
  46  4:20  SCV, Cloaking Field, Supply Depot  
  50  4:24  SCV  
  51  4:32  SCV  
  51  4:36  SCV  
  53  4:39  Barracks Tech Lab  
  53  4:44  SCV  
  54  4:46  Supply Depot  
  54  4:48  SCV  
  55  4:56  SCV  
  55  4:59  Stimpack, Marauder  
  58  5:02  Banshee  
  58  5:03  SCV  
  58  5:05  Command Center  
  62  5:09  Supply Depot  
  62  5:10  SCV  
  63  5:18  SCV  
  63  5:19  Barracks  
  63  5:20  Barracks  
  64  5:23  SCV  
  63  5:30  SCV  
  63  5:32  Factory Reactor, Marauder  
  63  5:35  SCV  
  67  5:40  Engineering Bay  
  67  5:42  Refinery, Engineering Bay  
  67  5:43  Refinery  
  67  5:44  SCV  
  70  5:57  Marauder  
  70  5:59  SCV x2  
  72  6:07  Terran Infantry Weapons Level 1  
  72  6:08  Terran Infantry Armor Level 1  
  72  6:12  Barracks  
  72  6:13  SCV, Barracks  
  71  6:20  Starport Reactor  
  71  6:21  Marauder, Marine x3  
  71  6:22  Siege Tank  
  71  6:23  Orbital Command  
  79  6:29  SCV x2  
  81  6:35  Marine  
  81  6:39  Marine x2  
  84  6:41  SCV  
  84  6:42  SCV  
  84  6:43  Marauder  
  88  6:47  Marine  
  88  6:53  Marine  
  90  6:54  Siege Tank  
  90  6:57  Medivac x2  
  97  7:06  Supply Depot, Barracks Reactor  
  97  7:07  Barracks Reactor  
  95  7:08  Marine x3  
  95  7:09  Marauder  
  95  7:13  Combat Shields  
  95  7:14  Marine  
  98  7:34  Marauder, Marine x4  
  98  7:35  Siege Tank  
  95  7:44  Marine x4  
  96  7:52  Medivac x2, Marine x4  
  96  7:56  Marauder  
  103  8:01  Armory  
  103  8:02  Marine x4  
  107  8:07  Supply Depot  
  107  8:08  Supply Depot  
  107  8:09  Marine x2  
  109  8:16  Orbital Command  
  109  8:28  SCV, Medivac x2, Marine  
  109  8:29  Siege Tank, SCV, Marine x2, Refinery, Marauder  
  109  8:31  Marine x2  
  125  8:48  Concussive Shells  
  125  8:52  Terran Infantry Weapons Level 2  
  125  8:55  Supply Depot  
  125  8:58  Marine  
  125  8:59  Marine  
  125  9:01  SCV  
  125  9:02  SCV, Marine  
  125  9:06  Terran Infantry Armor Level 2  
  125  9:13  Refinery  
  125  9:16  Marine x3  
  125  9:17  SCV x3, Supply Depot, Marauder  
  133  9:18  Medivac, Viking, Marine x3  
  133  9:19  Supply Depot  
  133  9:21  Supply Depot  
  140  9:29  SCV  
  141  9:38  Marine  
  139  9:44  Marine  
  139  9:45  Marauder, Marine x5  
  139  9:46  Siege Tank  
  142  9:57  Marine  
  141  10:08  Marauder, Marine  
  141  10:12  Marine  
  144  10:15  Marine  
  144  10:16  Marine x4  
  144  10:18  Siege Tank  
  144  10:20  Medivac x2  
  154  10:24  Barracks  
  154  10:25  Barracks  
  154  10:26  Barracks  
  154  10:28  Command Center  
  126  10:43  Marine  
  126  10:44  Marauder, Marine x2  
  124  10:50  Siege Tank  
  124  10:55  Marine x5  
  128  10:59  Supply Depot  
  128  11:01  Marine  
  128  11:02  Marine  
  128  11:03  Supply Depot  
  130  11:10  Marine  
  130  11:12  Marauder  
  131  11:22  Siege Tank  
  131  11:24  Marine  
  131  11:25  Marine x6  
  123  11:27  Barracks Tech Lab x2  
  123  11:28  Barracks Tech Lab, Marine  
  121  11:37  Marauder  
  121  11:39  Supply Depot x2  
  123  11:40  Supply Depot  
  123  11:42  Marine  
  123  11:44  Command Center  
  124  11:49  Marauder x3, Marine x7  
  136  11:54  Siege Tank  
  136  11:57  Orbital Command  
  136  11:58  Marine  
  136  12:05  Marine  
  136  12:07  Marine  
  120  12:08  Marine  
  120  12:10  Marauder  
  120  12:14  Marine  
  105  12:22  Orbital Command  
  70  13:06  Marauder x3  
  52  13:27  Marauder  
  47  13:38  Marine  
Tags
 
Add a new tag
Caveats
  • Supply blocks, unpowered buildings, or Contaminate may cause inaccurate times.
  • Supply counts are checked every 10 seconds.